EL
BIRMINGHAM BARONS @ JACKSON GENERALS
09/21/2046
 
TOP OF THE 1ST
Birmingham Barons batting - Pitching for Jackson Generals : RHP Jose Albarran
Pitching: RHP Jose Albarran
Batting: RHB Jeremy Hoffert 0-0: Ball
1-0: Foul Ball, location: 2F
1-1: Swinging Strike
1-2: Strikes out swinging
Batting: LHB Ryan Dyal 0-0: DOUBLE (Line Drive, 7LS, EV 100.0 MPH)
Batting: LHB Josh Pittman 0-0: Called Strike
0-1: Ball
1-1: Swinging Strike
1-2: Ball
2-2: Strikes out swinging
Batting: LHB Carlos Ramirez 0-0: Called Strike
0-1: Ball
1-1: Foul Ball, location: 2F
1-2: Strikes out looking
Top of the 1st over - 0 runs, 1 hit, 0 errors, 1 left on base; Birmingham 0 - Jackson 0
BOTTOM OF THE 1ST
Jackson Generals batting - Pitching for Birmingham Barons : RHP Tristan Vollmer
Pitching: RHP Tristan Vollmer
Batting: RHB Micah Roth 0-0: Called Strike
0-1: Fly out, F2 (Popup, 25F, EV 85.6 MPH)
Batting: LHB Tom Reynolds 0-0: Foul Ball, location: 2F
0-1: Ball
1-1: Foul Ball, location: 2F
1-2: Ball
2-2: Ball
3-2: Foul Ball, location: 2F
3-2: Foul Ball, location: 2F
3-2: Reached on error, E6 (Groundball, 56, EV 106.2 MPH)
Batting: LHB Jawad Fahad 0-0: Ball
1-0: Foul Ball, location: 2F
1-1: Fielders Choice at 2nd, 6-4 (Groundball, 6, EV 91.2 MPH)
Batting: RHB Robby Cuellar 0-0: Ball
1-0: Fielders Choice at 2nd, 5-4 (Groundball, 56, EV 82.5 MPH)
Bottom of the 1st over - 0 runs, 0 hits, 1 error, 1 left on base; Birmingham 0 - Jackson 0
TOP OF THE 2ND
Birmingham Barons batting - Pitching for Jackson Generals : RHP Jose Albarran
Batting: LHB Herkko Haavikko 0-0: Ball
1-0: Foul Ball, location: 2F
1-1: Ball
2-1: Foul Ball, location: 2F
2-2: Strikes out swinging
Batting: RHB Peter Croston 0-0: Called Strike
0-1: Ball
1-1: Foul Ball, location: 2F
1-2: Strikes out looking
Batting: LHB Jose Duran 0-0: Called Strike
0-1: Ball
1-1: Ball
2-1: Foul Ball, location: 2F
2-2: Foul Ball, location: 2F
2-2: Foul Ball, location: 2F
2-2: Ground out 4-3 (Groundball, 4, EV 83.8 MPH)
Top of the 2nd over - 0 runs, 0 hits, 0 errors, 0 left on base; Birmingham 0 - Jackson 0
BOTTOM OF THE 2ND
Jackson Generals batting - Pitching for Birmingham Barons : RHP Tristan Vollmer
Batting: SHB Jose Castillo 0-0: Called Strike
0-1: Swinging Strike
0-2: Strikes out swinging
Batting: RHB Joe Stading 0-0: Called Strike
0-1: Called Strike
0-2: Foul Ball, location: 2F
0-2: Foul Ball, location: 2F
0-2: Strikes out looking
Batting: RHB Clay Statum 0-0: Called Strike
0-1: Ball
1-1: Ball
2-1: SINGLE (Flyball, 8RS, EV 95.0 MPH)
Batting: RHB Matt Berkley 0-0: Called Strike
0-1: Ball
1-1: Called Strike
1-2: Strikes out swinging
Bottom of the 2nd over - 0 runs, 1 hit, 0 errors, 1 left on base; Birmingham 0 - Jackson 0
TOP OF THE 3RD
Birmingham Barons batting - Pitching for Jackson Generals : RHP Jose Albarran
Batting: LHB Noel Wilson 0-0: Ball
1-0: Called Strike
1-1: Swinging Strike
1-2: Foul Ball, location: 2F
1-2: Foul Ball, location: 2F
1-2: Strikes out swinging
Batting: RHB Santos Guadalupe 0-0: Ball
1-0: Hit by Pitch
Batting: RHB Jeremy Hoffert 0-0: Fly out, F8 (Flyball, 8LXD, EV 97.5 MPH)
Batting: LHB Ryan Dyal 0-0: Called Strike
0-1: Ball
1-1: Swinging Strike
1-2: Foul Ball, location: 2F
1-2: Ball
2-2: Ball
3-2: Strikes out swinging
Top of the 3rd over - 0 runs, 0 hits, 0 errors, 1 left on base; Birmingham 0 - Jackson 0
BOTTOM OF THE 3RD
Jackson Generals batting - Pitching for Birmingham Barons : RHP Tristan Vollmer
Batting: LHB Adam Lancaster 0-0: Swinging Strike
0-1: Ball
1-1: Ground out 4-3 (Groundball, 34D, EV 81.9 MPH)
Batting: RHB Micah Roth 0-0: Foul Ball, location: 2F
0-1: Fly out, F8 (Flyball, 8RD, EV 105.6 MPH)
Batting: LHB Tom Reynolds 0-0: Foul Ball, location: 2F
0-1: Ball
1-1: Ball
2-1: Called Strike
2-2: Foul Ball, location: 2F
2-2: Ball
3-2: Base on Balls
Batting: LHB Jawad Fahad 0-0: Called Strike
0-1: SINGLE (Line Drive, 4D, EV 103.8 MPH)
Tom Reynolds to second
Batting: RHB Robby Cuellar 0-0: Ball
1-0: Ball
2-0: Ball
3-0: Fly out, F9 (Flyball, 9, EV 93.8 MPH)
Bottom of the 3rd over - 0 runs, 1 hit, 0 errors, 2 left on base; Birmingham 0 - Jackson 0
TOP OF THE 4TH
Birmingham Barons batting - Pitching for Jackson Generals : RHP Jose Albarran
Batting: LHB Josh Pittman 0-0: SINGLE (Groundball, 6MD, EV 103.8 MPH)
Batting: LHB Carlos Ramirez 0-0: Foul Ball, location: 2F
0-1: Ball
1-1: Ball
2-1: Fielders Choice at 2nd, 4-6 (Groundball, 4, EV 87.5 MPH)
Batting: LHB Herkko Haavikko 0-0: Grounds into double play, 4-6-3 (Groundball, 4M, EV 102.5 MPH)
Top of the 4th over - 0 runs, 1 hit, 0 errors, 0 left on base; Birmingham 0 - Jackson 0
BOTTOM OF THE 4TH
Jackson Generals batting - Pitching for Birmingham Barons : RHP Tristan Vollmer
Batting: SHB Jose Castillo 0-0: Called Strike
0-1: Ball
1-1: Ball
2-1: Called Strike
2-2: Foul Ball, location: 2F
2-2: Ball
3-2: Foul Ball, location: 2F
3-2: Foul Ball, location: 2F
3-2: SINGLE (Groundball, 4MD, EV 105.0 MPH)
Batting: RHB Joe Stading 0-0: Called Strike
0-1: Foul Ball, location: 2F
0-2: Ball
1-2: Fielders Choice at 2nd, 6-4 (Groundball, 6, EV 80.6 MPH)
Batting: RHB Clay Statum 0-0: Called Strike
0-1: Foul Ball, location: 2F
0-2: Ball
1-2: Hit by Pitch
Joe Stading to second
Batting: RHB Matt Berkley 0-0: Ball
1-0: Ball
2-0: SINGLE (Flyball, 3D, EV 95.6 MPH)
Joe Stading to third
Clay Statum to second
Batting: LHB Adam Lancaster 0-0: Ball
1-0: Ball
2-0: SINGLE (Groundball, 34S, EV 68.8 MPH) (infield hit)
Joe Stading scores
Clay Statum to third
Matt Berkley to second
Batting: RHB Micah Roth 0-0: Ball
1-0: Ball
2-0: Called Strike
2-1: Called Strike
2-2: Strikes out swinging
Batting: LHB Tom Reynolds 0-0: Ball
1-0: Called Strike
1-1: Foul Ball, location: 2F
1-2: Strikes out swinging
Bottom of the 4th over - 1 run, 3 hits, 0 errors, 3 left on base; Birmingham 0 - Jackson 1
TOP OF THE 5TH
Birmingham Barons batting - Pitching for Jackson Generals : RHP Jose Albarran
Batting: RHB Peter Croston 0-0: Ball
1-0: Called Strike
1-1: SINGLE (Line Drive, 4MD, EV 105.6 MPH)
Batting: LHB Jose Duran 0-0: Ground out 4-3 (Groundball, 34S, EV 82.5 MPH)
Peter Croston to second
Batting: LHB Noel Wilson 0-0: Ball
1-0: Ball
2-0: Ball
3-0: Foul Ball, location: 2F
3-1: Base on Balls
Batting: RHB Santos Guadalupe 0-0: Called Strike
0-1: Swinging Strike
0-2: Foul Ball, location: 2F
0-2: Ball
1-2: Strikes out swinging
Batting: RHB Jeremy Hoffert 0-0: Ground out 5-3 (Groundball, 56S, EV 81.2 MPH)
Top of the 5th over - 0 runs, 1 hit, 0 errors, 2 left on base; Birmingham 0 - Jackson 1
BOTTOM OF THE 5TH
Jackson Generals batting - Pitching for Birmingham Barons : RHP Tristan Vollmer
Batting: LHB Jawad Fahad 0-0: Foul Ball, location: 2F
0-1: Ball
1-1: Ball
2-1: Ball
3-1: Called Strike
3-2: SINGLE (Groundball, 56D, EV 98.8 MPH)
Pitching: LHP Juan Medrano
Batting: RHB Robby Cuellar 0-0: Ball
1-0: Called Strike
1-1: Ball
2-1: Swinging Strike
2-2: Fly out, F7 (Flyball, 78M, EV 81.9 MPH)
Batting: SHB Jose Castillo 0-0: Called Strike
0-1: SINGLE (Line Drive, 6MD, EV 88.1 MPH)
Jawad Fahad to second
Batting: RHB Joe Stading 0-0: Called Strike
0-1: Ball
1-1: Ground out U3 (Groundball, 34S, EV 76.9 MPH)
Jawad Fahad to third
Jose Castillo to second
Batting: RHB Clay Statum 0-0: Swinging Strike
0-1: Ball
1-1: Swinging Strike
1-2: Strikes out swinging
Bottom of the 5th over - 0 runs, 2 hits, 0 errors, 2 left on base; Birmingham 0 - Jackson 1
TOP OF THE 6TH
Birmingham Barons batting - Pitching for Jackson Generals : RHP Jose Albarran
Batting: LHB Ryan Dyal 0-0: Ball
1-0: Foul Ball, location: 2F
1-1: Fly out, F8 (Flyball, 8LD, EV 80.0 MPH)
Batting: LHB Josh Pittman 0-0: Foul Ball, location: 2F
0-1: Fly out, F9 (Flyball, 9LM, EV 99.4 MPH)
Batting: LHB Carlos Ramirez 0-0: Ball
1-0: Ball
2-0: Called Strike
2-1: Foul Ball, location: 2F
2-2: Strikes out swinging
Top of the 6th over - 0 runs, 0 hits, 0 errors, 0 left on base; Birmingham 0 - Jackson 1
BOTTOM OF THE 6TH
Jackson Generals batting - Pitching for Birmingham Barons : LHP Juan Medrano
Batting: RHB Matt Berkley 0-0: Ball
1-0: SINGLE (Groundball, 6MD, EV 98.1 MPH)
Batting: LHB Adam Lancaster 0-0: Ball
1-0: Fly out, F7 (Flyball, 7, EV 89.4 MPH)
Batting: RHB Micah Roth 0-0: Ball
1-0: Ball
2-0: Ball
3-0: Called Strike
3-1: Base on Balls
Matt Berkley to second
Batting: LHB Tom Reynolds 0-0: Called Strike
0-1: Ball
1-1: Swinging Strike
1-2: Ball
2-2: Strikes out swinging
Batting: LHB Jawad Fahad 0-0: Ball
1-0: Ball
2-0: Ground out U3 (Groundball, 3, EV 83.1 MPH)
Bottom of the 6th over - 0 runs, 1 hit, 0 errors, 2 left on base; Birmingham 0 - Jackson 1
TOP OF THE 7TH
Birmingham Barons batting - Pitching for Jackson Generals : RHP Jose Albarran
Batting: LHB Herkko Haavikko 0-0: Swinging Strike
0-1: Foul Ball, location: 2F
0-2: Ball
1-2: Strikes out swinging
Batting: RHB Peter Croston 0-0: Ball
1-0: Ground out 4-3 (Groundball, 4, EV 104.4 MPH)
Batting: LHB Jose Duran 0-0: Ground out U3 (Groundball, 3, EV 91.9 MPH)
Top of the 7th over - 0 runs, 0 hits, 0 errors, 0 left on base; Birmingham 0 - Jackson 1
BOTTOM OF THE 7TH
Jackson Generals batting - Pitching for Birmingham Barons : LHP Juan Medrano
Pitching: RHP Ian Savary
Batting: RHB Robby Cuellar 0-0: Ball
1-0: Called Strike
1-1: Ball
2-1: Foul Ball, location: 2F
2-2: Strikes out swinging
Batting: SHB Jose Castillo 0-0: Ball
1-0: Swinging Strike
1-1: Ground out 4-3 (Groundball, 4, EV 105.0 MPH)
Batting: RHB Joe Stading 0-0: Called Strike
0-1: Foul Ball, location: 2F
0-2: Ball
1-2: SINGLE (Flyball, 9LS, EV 91.2 MPH)
Batting: RHB Clay Statum 0-0: Foul Ball, location: 2F
0-1: Called Strike
0-2: Ground out 6-3 (Groundball, 6S, EV 85.6 MPH)
Bottom of the 7th over - 0 runs, 1 hit, 0 errors, 1 left on base; Birmingham 0 - Jackson 1
TOP OF THE 8TH
Birmingham Barons batting - Pitching for Jackson Generals : RHP Jose Albarran
Batting: LHB Noel Wilson 0-0: Ball
1-0: Called Strike
1-1: Ball
2-1: Ball
3-1: SINGLE (Popup, 5D, EV 71.2 MPH)
Pitching: RHP Kurt Loscalzo
Pinch Hitting: LHB Ryan Karg 0-0: Ball
1-0: Swinging Strike
1-1: Called Strike
1-2: Foul Ball, location: 2F
1-2: Ball
2-2: Ball
3-2: Base on Balls
Noel Wilson to second
Batting: RHB Jeremy Hoffert 0-0: Sac Bunt to 2L - play at first, batter OUT! 2-4
Noel Wilson to third
Ryan Karg to second
Pitching: LHP Alex Villagran
Batting: RHB Guillermo Mojica 0-0: Ball
1-0: Foul Ball, location: 2F
1-1: Called Strike
1-2: Foul Ball, location: 2F
1-2: Ground out 6-3 (Groundball, 6, EV 79.4 MPH)
Pinch Hitting: RHB Mike Titus 0-0: Ball
1-0: Ground out 5-3 (Groundball, 56, EV 85.0 MPH)
Top of the 8th over - 0 runs, 1 hit, 0 errors, 2 left on base; Birmingham 0 - Jackson 1
BOTTOM OF THE 8TH
Jackson Generals batting - Pitching for Birmingham Barons : RHP Ian Savary
Pitching: RHP Jose Vigil
Now at SS: Lee Dillon
Now in LF: Mike Titus
Batting: RHB Matt Berkley 0-0: Called Strike
0-1: Foul Ball, location: 2F
0-2: Strikes out looking
Batting: LHB Adam Lancaster 0-0: Called Strike
0-1: Ground out 4-3 (Groundball, 4, EV 91.2 MPH)
Batting: RHB Micah Roth 0-0: Ball
1-0: SINGLE (Groundball, 56, EV 93.8 MPH)
Batting: LHB Tom Reynolds 0-0: Ball
Micah Roth steals 2nd base (no throw)
1-0: Fly out, F9 (Flyball, 89M, EV 91.2 MPH)
Bottom of the 8th over - 0 runs, 1 hit, 0 errors, 1 left on base; Birmingham 0 - Jackson 1
TOP OF THE 9TH
Birmingham Barons batting - Pitching for Jackson Generals : LHP Alex Villagran
Pitching: RHP Dave McGee
Batting: LHB Carlos Ramirez 0-0: Called Strike
0-1: Ball
1-1: Foul Ball, location: 2F
1-2: Ball
2-2: Foul Ball, location: 2F
2-2: Foul Ball, location: 2F
2-2: Foul Ball, location: 2F
2-2: Strikes out swinging
Batting: LHB Herkko Haavikko 0-0: Ball
1-0: Called Strike
1-1: Ground out 4-3 (Groundball, 4M, EV 85.6 MPH)
Batting: RHB Peter Croston 0-0: Called Strike
0-1: Ball
1-1: Ball
2-1: Foul Ball, location: 2F
2-2: Hit by Pitch
Batting: LHB Jose Duran 0-0: Called Strike
0-1: Fly out, F7 (Flyball, 7LSF, EV 97.5 MPH)
Top of the 9th over - 0 runs, 0 hits, 0 errors, 1 left on base; Birmingham 0 - Jackson 1
Tuesday, September 13th , 2022 - OOTP Baseball 23.7 Build 88